 Dungeon Crawl Stone Soup version 0.31-a0-986-g5e6e4ef867 (webtiles) character file.

Game seed: 12180069799645368263

17118 gelatine the Cleaver (level 12, 0/98 HPs)
             Began as a Demonspawn Fighter on Nov 12, 2023.
             Was a Believer of Lugonu.
             Succumbed to Amaemon's poison
             ... on level 1 of the Lair of Beasts.
             The game lasted 00:44:17 (15250 turns).

gelatine the Cleaver (Demonspawn Fighter)          Turns: 15250, Time: 00:44:17

Health: 0/98       AC: 10    Str: 21    XL:     12   Next: 16%
Magic:  9/17       EV: 13    Int: 10    God:    Lugonu [**....]
Gold:   779        SH:  6    Dex: 13    Spells: 15/18 levels left

rFire   . . .        g - +0 broad axe
rCold   . . .        c - +1 buckler
rNeg    . . .        n - +1 troll leather armour
rPois   .            (helmet unavailable)
rElec   .            m - +1 cloak
rCorr   .            D - +0 pair of gloves
SInv    +            (no boots)
Will    .....        e - amulet of guardian spirit
Stlth   +            E - ring of flight
HPRegen 1.16/turn    (no ring)
MPRegen 0.30/turn

%: guardian spirit
@: lethally poisoned (0 -> -2), flying, studying Axes
A: antennae 3, rugged brown scales 2, foul stench 2, magic regeneration, claws
1, evolution 1, subdued magic 1
a: Renounce Religion, Depart the Abyss, Banish


You were on level 1 of the Lair of Beasts.
You worshipped Lugonu.
Lugonu was pleased with you.
You visited 4 branches of the dungeon, and saw 14 of its levels.
You visited the Abyss 1 time.

You collected 869 gold pieces.
You spent 90 gold pieces at shops.

Inventory:

Hand Weapons
 a - a +2 war axe
 g - a +0 broad axe (weapon)
 F - a +0 broad axe
Missiles
 b - 14 darts of dispersal
 j - 3 atropa-tipped darts
 k - 2 throwing nets
 r - 10 boomerangs
 B - 3 curare-tipped darts
Armour
 c - a +1 buckler (worn)
 m - a +1 cloak (worn)
 n - a +1 troll leather armour (worn)
 D - a +0 pair of gloves (worn)
Jewellery
 e - an amulet of guardian spirit (around neck)
 E - a ring of flight (left hand)
Wands
 q - a wand of flame (2)
 u - a wand of polymorph (7)
 w - a wand of charming (5)
Scrolls
 i - a scroll of blinking
 o - 4 scrolls of revelation
 t - 2 scrolls of silence
 x - a scroll of fog
 y - a scroll of teleportation
 C - a scroll of identify
Potions
 d - a potion of might
 f - a potion of cancellation
 h - 2 potions of enlightenment
 l - a potion of brilliance
 p - a potion of invisibility
 z - a potion of attraction
 A - 2 potions of berserk rage


   Skills:
 * Level 8.7 Fighting
 * Level 12.7 Axes
 + Level 0.4 Throwing
 * Level 7.6 Armour
 * Level 5.4 Dodging
 + Level 1.4 Stealth
 * Level 6.7 Shields
 + Level 0.1 Unarmed Combat
 + Level 3.8 Spellcasting
 + Level 4.0 Conjurations
 * Level 4.5 Transmutations
 + Level 3.8 Fire Magic
 + Level 1.9 Evocations


You had 15 spell levels left.
You knew the following spells:

 Your Spells              Type           Power      Damage    Failure   Level
a - Foxfire               Conj/Fire      28%        2x1d5     5%          1
b - Wereblood             Tmut           8%         N/A       7%          2

Your spell library contained the following spells:

 Spells                   Type           Power      Damage    Failure   Level
 Volatile Blastmotes      Fire/Tloc      8%         2d10      38%         3
 Cigotuvi's Dreadful Rot  Necr/Pois/Air  2%         N/A       43%         2
 Tukima's Dance           Hex            1%         N/A       67%         3
 Fulminant Prism          Conj/Hex       2%         3d5       80%         4
 Iskenderun's Mystic Bla  Conj/Tloc      4%         2d3       80%         4
 Dimensional Bullseye     Hex/Tloc       0%         N/A       97%         4
 Dispel Undead            Necr           1%         3d6       97%         4
 Death Channel            Necr           0%         N/A       100%        6
 Plasma Beam              Fire/Air       2%         2x1d12    100%        6
 Starburst                Conj/Fire      3%         6d3       100%        6


Dungeon Overview and Level Annotations

Branches:
Dungeon (10/15)            Temple (1/1) D:7            Lair (1/5) D:10
    Orc (2/2) D:10
    Elf: Orc:2

Altars:
Ashenzari
Cheibriados
Dithmenos
Fedhas
Gozag
Hepliaklqana
Kikubaaqudgha
Makhleb
Nemelex Xobeh
Okawaru
Qazlal
Ru
Sif Muna
Trog
Uskayaw
Vehumet
Wu Jian
Xom
Yredelemnul

Shops:
D:6 (   D:8 (   D:10 =   Orc:1 !

Annotations:
Lair:1 Amaemon
Orc:1 3 runed translucent doors, Caicsaam's ghost, journeyman MiFi


Innate Abilities, Weirdness & Mutations

You have a pair of large antennae on your head. (SInv)
You are mostly covered in rugged brown scales. (AC +2, +5% HP)
You sometimes emit foul miasma when damaged in melee.
You regenerate magic rapidly.
You have sharp fingernails.
You have hidden genetic potential.
Your spells are a little easier to cast, but a little less powerful.


Message History

You are lethally poisoned!
Amaemon poisons you!
The orange demon stings you but does no damage.
You slash Amaemon!
Amaemon is heavily wounded.
* * * LOW HITPOINT WARNING * * *
You feel extremely sick.
Amaemon hits you with a +1 demon whip of venom!
* * * LOW HITPOINT WARNING * * *
You are more poisoned.
You emit a cloud of foul miasma!
Amaemon claws you but does no damage. Amaemon tail-slaps you.
* * * LOW HITPOINT WARNING * * *
The orange demon barely misses you.
Blink to where?
Press: ? - help, Q - select action, (/) - cycle Dir - move target
As you read the scroll of blinking, it crumbles to dust.
* * * LOW HITPOINT WARNING * * *
You feel extremely sick.
You feel much better.
* * * LOW HITPOINT WARNING * * *
You feel extremely sick.
Amaemon opens the door.
* * * LOW HITPOINT WARNING * * *
You feel extremely sick.
* * * LOW HITPOINT WARNING * * *
You feel extremely sick.
* * * LOW HITPOINT WARNING * * *
You feel very sick.
You feel extremely strange.
You feel a hidden potential growing inside you.
Your connection to magic feels subdued.
Your fingernails lengthen.
* * * LOW HITPOINT WARNING * * *
You feel very sick.
Unknown command.
* * * LOW HITPOINT WARNING * * *
You feel very sick.
* * * LOW HITPOINT WARNING * * *
You feel sick.
You die...

#P...#......>...##.....
##...#..........##.....
#...#..........##.....
#...#.......#..##.....
#...###.#+###..##.....
#.....................
#..............#..#.##
#..............#.†...#
#....@................
#.....................
##.....................
#P..............P..####
##6P#.########.###.####
#4###########.###+##.#
#.##........#.P.#.....
#..'4......P#.+......#
#.#........##..##....#


You could see Amaemon and an orange demon.

Vanquished Creatures
  Harold (Lair:1)
  3 two-headed ogres
  2 orc knights
  2 gargoyles (D:10)
  An unseen horror (D:9)
  2 rime drakes (Lair:1)
  3 komodo dragons
  4 trolls
  A polar bear (Lair:1)
  Prince Ribbit (D:5)
  2 hornets
  6 dream sheep (Lair:1)
  Sigmund (D:5)
  A wraith (D:9)
  A wyvern (Lair:1)
  16 yaks
  A basilisk (Lair:1)
  Edmund (D:5)
  4 wargs (Orc:1)
  Menkaure (D:5)
  6 water moccasins
  Duvessa (D:6)
  9 orc warriors
  3 ice beasts
  3 black bears
  A sky beast (D:7)
  3 ogres
  2 centaurs
  2 kobold brigands
  5 bullfrogs
  3 wights (D:8)
  Dowan (D:6)
  3 killer bees (D:7)
  5 howler monkeys
  3 electric eels (D:8)
  5 hounds
  3 jellies
  14 orc priests
  Crazy Yiuf (D:3)
  4 gnoll boudas
  4 sleepcaps
  Jessica (D:3)
  2 iguanas
  Natasha (thrice) (D:4)
  10 orc wizards
  Robin (D:3)
  6 adders
  17 gnolls
  2 shadow imps
  4 ufetubi
  3 worms
  5 dart slugs
  50 orcs
  13 ball pythons
  12 bats
  8 endoplasms
  4 giant cockroaches
  8 hobgoblins
  9 jackals
  4 quokkas
  3 frilled lizards
  10 goblins
  14 kobolds
  6 rats
330 creatures vanquished.

Vanquished Creatures (others)
  329 foxfires
  11 starspawn tentacles (Abyss:1)
340 creatures vanquished.

Grand Total: 670 creatures vanquished

Notes
Turn   | Place    | Note
-------+----------+-------------------------------------------
     0 | D:1      | gelatine the Demonspawn Fighter began the quest for the
                  | Orb.
     0 | D:1      | Reached XP level 1. HP: 18/18 MP: 1/1
   179 | D:1      | Gained mutation: You are partially covered in rugged brown
                  | scales. (AC +1, +3% HP) [demonic ancestry]
   179 | D:1      | Reached XP level 2. HP: 18/24 MP: 2/2
   252 | D:1      | Reached skill level 2 in Axes
   540 | D:1      | Gained mutation: You have a pair of small antennae on your
                  | head. [demonic ancestry]
   540 | D:1      | Reached XP level 3. HP: 26/29 MP: 3/3
  1330 | D:2      | Gained mutation: You regenerate magic rapidly. [demonic
                  | ancestry]
  1330 | D:2      | Reached XP level 4. HP: 27/38 MP: 4/4
  1507 | D:1      | Reached skill level 3 in Axes
  1709 | D:2      | Gained mutation: You may rarely emit foul miasma when
                  | damaged in melee. [demonic ancestry]
  1709 | D:2      | Reached XP level 5. HP: 43/43 MP: 5/5
  1992 | D:3      | Noticed Jessica
  2005 | D:3      | Killed Jessica
  2055 | D:3      | Found a runed translucent door.
  2055 | D:3      | Noticed Robin
  2056 | D:3      | Noticed Crazy Yiuf
  2073 | D:3      | Killed Crazy Yiuf
  2091 | D:3      | Killed Robin
  2241 | D:3      | Found a blossoming altar of Fedhas.
  2244 | D:3      | Found an opulent altar of Gozag.
  2244 | D:3      | Found an ancient bone altar of Kikubaaqudgha.
  2252 | D:3      | Found a sacrificial altar of Ru.
  2252 | D:3      | Found an iron altar of Okawaru.
  2253 | D:3      | Found a hazy altar of Hepliaklqana.
  2301 | D:3      | Gained mutation: You have a pair of antennae on your head.
                  | [demonic ancestry]
  2301 | D:3      | Reached XP level 6. HP: 38/49 MP: 6/6
  2744 | D:4      | Noticed Natasha
  2757 | D:4      | Killed Natasha
  2758 | D:4      | Reached skill level 4 in Axes
  2767 | D:4      | Learned a level 1 spell: Foxfire
  2902 | D:4      | Noticed Natasha
  2911 | D:4      | Killed Natasha
  2912 | D:4      | Reached skill level 1 in Dodging
  2924 | D:4      | Noticed Natasha
  2933 | D:4      | Killed Natasha
  3027 | D:4      | Reached XP level 7. HP: 29/56 MP: 7/7
  3156 | D:4      | Identified a scroll of acquirement
  3157 | D:4      | Acquired a manual of Axes
  3478 | D:5      | Entered Level 5 of the Dungeon
  3478 | D:5      | Noticed Sigmund
  3495 | D:5      | Killed Sigmund
  3496 | D:5      | Reached skill level 5 in Axes
  3496 | D:5      | Reached skill level 1 in Stealth
  3496 | D:5      | Reached skill level 1 in Spellcasting
  3496 | D:5      | Reached skill level 1 in Conjurations
  3496 | D:5      | Reached skill level 1 in Fire Magic
  3556 | D:5      | Noticed Prince Ribbit
  3565 | D:5      | HP: 2/56 [Prince Ribbit (11)]
  3770 | D:4      | Reached skill level 1 in Evocations
  3849 | D:5      | Killed Prince Ribbit
  3850 | D:5      | Gained mutation: You are mostly covered in rugged brown
                  | scales. (AC +2, +5% HP) [demonic ancestry]
  3850 | D:5      | Reached XP level 8. HP: 49/64 MP: 8/10
  3939 | D:5      | Noticed Menkaure
  3944 | D:5      | Killed Menkaure
  3945 | D:5      | Reached skill level 6 in Axes
  4248 | D:5      | Noticed Edmund
  4274 | D:5      | Killed Edmund
  5008 | D:6      | Reached skill level 7 in Axes
  5041 | D:6      | Noticed Dowan
  5056 | D:6      | Reached skill level 5 in Fighting
  5058 | D:6      | Reached skill level 5 in Armour
  5267 | D:6      | Killed Dowan
  5268 | D:6      | Reached XP level 9. HP: 59/71 MP: 12/12
  5538 | D:6      | Noticed Duvessa
  5546 | D:6      | Killed Duvessa
  5644 | D:6      | Found Wasol's Antique Weapon Shop.
  6117 | D:6      | Found an ornate altar of the Wu Jian Council.
  6504 | D:7      | Reached skill level 8 in Axes
  6557 | D:7      | Found a bloodstained altar of Trog.
  7063 | D:7      | Found a burning altar of Makhleb.
  7379 | D:7      | Found a staircase to the Ecumenical Temple.
  7385 | Temple   | Entered the Ecumenical Temple
  7566 | D:7      | Found a snail-covered altar of Cheibriados.
  7951 | D:8      | Identified the "Upust"
  7958 | D:8      | Reached skill level 9 in Axes
  8063 | D:8      | Learned a level 2 spell: Wereblood
  8156 | D:8      | Found Wageran's Antique Weapon Shoppe.
  8326 | D:8      | Reached skill level 5 in Shields
  8540 | D:8      | Noticed a two-headed ogre
  8563 | D:8      | Killed a two-headed ogre
  8564 | D:8      | Reached skill level 1 in Transmutations
  8564 | D:8      | Reached XP level 10. HP: 31/79 MP: 14/14
  9511 | D:9      | Reached skill level 10 in Axes
  9658 | D:9      | Noticed a two-headed ogre
  9671 | D:9      | Killed a two-headed ogre
  9754 | D:9      | Identified the +2 long sword of Sits {freeze, *Slow Will+
                  | Str+5 Dex+3}
 10034 | D:9      | Noticed a two-headed ogre
 10047 | D:9      | Killed a two-headed ogre
 10963 | D:10     | Entered Level 10 of the Dungeon
 11019 | D:10     | Found Yhekei's Jewellery Boutique.
 11066 | D:10     | Noticed a gargoyle
 11082 | D:10     | Killed a gargoyle
 11083 | D:10     | Reached skill level 11 in Axes
 11481 | D:10     | Gained mutation: You sometimes emit foul miasma when
                  | damaged in melee. [demonic ancestry]
 11481 | D:10     | Reached XP level 11. HP: 87/87 MP: 14/16
 11967 | D:10     | Found a staircase to the Orcish Mines.
 11990 | D:10     | Found a staircase to the Lair.
 12113 | D:10     | Found a broken altar of Ashenzari.
 12828 | Orc:1    | Entered Level 1 of the Orcish Mines
 12828 | Orc:1    | Found Baosur's Distillery.
 12901 | Orc:1    | Noticed an orc knight
 12956 | Lair:1   | Entered Level 1 of the Lair of Beasts
 13031 | Lair:1   | Noticed Harold
 13198 | D:10     | Killed an orc knight
 13252 | Orc:1    | Bought a potion of curing for 45 gold pieces
 13252 | Orc:1    | Bought a potion of curing for 45 gold pieces
 13466 | Orc:1    | Found a runed translucent gate.
 13466 | Orc:1    | Found a runed translucent gate.
 13469 | Orc:1    | Found a runed translucent gate.
 13471 | Orc:1    | Noticed Caicsaam's ghost (journeyman MiFi)
 13943 | Orc:2    | Entered Level 2 of the Orcish Mines
 13951 | Orc:2    | Noticed an orc knight
 13952 | Abyss:1  | Cast into level 1 of the Abyss (gnoll)
 13989 | Abyss:1  | Noticed a tentacled starspawn
 14010 | Abyss:1  | Noticed a glowing orange brain
 14042 | Abyss:1  | Found a corrupted altar of Lugonu.
 14050 | Abyss:1  | Became a worshipper of Lugonu the Unformed
 14050 | Abyss:1  | Reached * piety under Lugonu
 14050 | Abyss:1  | Reached ** piety under Lugonu
 14051 | Orc:2    | Escaped the Abyss
 14156 | Orc:1    | Killed an orc knight
 14157 | Orc:1    | Reached skill level 5 in Dodging
 14280 | Lair:1   | Killed Harold
 14281 | Lair:1   | Reached skill level 12 in Axes
 14515 | Lair:1   | Gained mutation: You have a pair of large antennae on your
                  | head. (SInv) [demonic ancestry]
 14515 | Lair:1   | Reached XP level 12. HP: 28/98 MP: 7/17
 15233 | Lair:1   | Noticed Amaemon
 15242 | Lair:1   | HP: 3/98 [poisoned by Amaemon]
 15247 | Lair:1   | Gained mutation: You have hidden genetic potential. [potion
                  | of mutation]
 15247 | Lair:1   | Gained mutation: Your spells are a little easier to cast,
                  | but a little less powerful. [potion of mutation]
 15247 | Lair:1   | Gained mutation: You have sharp fingernails. [potion of
                  | mutation]
 15247 | Lair:1   | HP: 4/98 [poisoned by Amaemon]
 15249 | Lair:1   | HP: 1/98 [poisoned by Amaemon]
 15250 | Lair:1   | Succumbed to Amaemon's poison

Illustrated notes

Levels and vault maps discovered:
D:1:      lemuel_arrival_tunnels, layout_basic, minmay_shallow_snake_nest
D:2:      layout_basic, serial_glass, glass_columns_b, glass_columns_b
D:3:      layout_rooms, grunt_temple_overflow_open, nrook_mini_backslash,
          chequers_serial_rivers_small_3, uniq_crazy_yiuf_cottage, uniq_robin,
          uniq_jessica
D:4:      layout_rooms, moated_statue, uniq_natasha
D:5:      layout_loops_ring, serial_aquarium, aquarium_bridge_square
          [aquarium_subvault_wall, aquarium_subvault_bridge,
          aquarium_subvault_bridge, aquarium_subvault_wall],
          aquarium_bridge_straight [aquarium_subvault_bridge,
          aquarium_subvault_balcony, aquarium_subvault_bridge,
          aquarium_subvault_window], aquarium_window_2, aquarium_window_fake,
          aquarium_window_1, aquarium_window_2, aquarium_view_2c,
          aquarium_view_2c, aquarium_balcony_1a, roderic_batcave, uniq_edmund,
          uniq_prince_ribbit1, uniq_menkaure, uniq_sigmund
D:6:      layout_loops_ring, pdpol_wu_jian_five_deadly_venoms, serial_shops,
          shop, uniq_duvessa
D:7:      layout_basic, makhleb_heckhound_becter, mainiacjoe_overflow_24_doors,
          lightli_temple_of_fire, minmay_temple_entry_hall
D:8:      layout_basic, serial_shops, nicolae_shop_advertising_works
          [nicolae_subvault_shop_adworks], serial_bayou_pond_b
D:9:      layout_long_grid
D:10:     layout_stronghold, mainiacjoe_overflow_alcove_4, lair_entry_dummy,
          orc_0_dummy, serial_shops, shop, minmay_unpleasant_kobolds
Temple:   nicolae_temple_bog_church
Lair:1:   layout_regular_city, grunt_megastairs_3, uniq_harold, uniq_amaemon
Orc:1:    layout_caves, serial_shops, nicolae_shop_stone, gammafunk_ghost_split
Orc:2:    hellmonk_orc_salted, layout_caves

Skill      XL: |  1  2  3  4  5  6  7  8  9 10 11 |
---------------+----------------------------------+-----
Axes           | 2 3 4 5 7 9 11 12 | 12.7
Armour         | 3 4 5 6 7 |  7.6
Shields        | 3 4 5 6 |  6.7
Fighting       | 4 5 6 8 |  8.7
Dodging        | 1 2 3 4 5 |  5.4
Stealth        | 1 |  1.4
Spellcasting   | 1 2 3 |  3.8
Conjurations   | 1 2 3 4 |  4.0
Fire Magic     | 1 2 3 |  3.8
Evocations     | 1 |  1.9
Transmutations | 1 2 4 |  4.5
Throwing       | |  0.4
Unarmed Combat | |  0.1

Action                     |  1- 3 |  4- 6 |  7- 9 | 10-12 || total
---------------------------+-------+-------+-------+-------++-------
  Melee: War axe           |    98 |   203 |   409 |   384 ||  1094
         Unarmed           |       |       |    17 |       ||    17
         Broad axe         |       |       |       |   132 ||   132
  Throw: Dart              |       |       |     7 |       ||     7
         Boomerang         |       |       |     3 |       ||     3
   Cast: Foxfire           |       |       |    30 |   158 ||   188
 Invoke: Depart the Abyss  |       |       |       |     1 ||     1
  Evoke: Wand              |       |       |    13 |     2 ||    15
    Use: Scroll            |     3 |     7 |    11 |    12 ||    33
         Potion            |       |       |     3 |     9 ||    12
   Stab: Sleeping          |       |       |       |     1 ||     1
 Armour: Scale mail        |    73 |   196 |   340 |   174 ||   783
         Skin              |       |       |     4 |       ||     4
         Troll leather arm |       |       |       |   344 ||   344
  Dodge: Dodged            |    58 |   112 |   223 |   291 ||   684
  Block: Buckler           |    36 |    60 |   148 |   178 ||   422

Table legend: (Time is in decaauts)
 A = Elapsed time spent in this place.
 B = Non-inter-level travel time spent in this place.
 C = Inter-level travel time spent in this place.
 D = Time resting spent in this place.
 E = Time spent auto-exploring this place.
 F = Levels seen in this place.
 G = Mean time per level.
                   A        B        C        D        E       F      G
               +--------+--------+--------+--------+--------+-----+--------+
         Total |  15496 |  14739 |    757 |      0 |  11290 |  15 | 1033.1 |
       Dungeon |  13323 |  12635 |    688 |      0 |   9915 |  10 | 1332.3 |
        Temple |     47 |      2 |     45 |      0 |      0 |   1 |   47.0 |
          Lair |   1088 |   1088 |      0 |      0 |    759 |   1 | 1088.0 |
  Orcish Mines |    937 |    913 |     24 |      0 |    616 |   2 |  468.5 |
         Abyss |     98 |     98 |      0 |      0 |      0 |   1 |   98.0 |
               +--------+--------+--------+--------+--------+-----+--------+

Top non-repeatable levels by time:
    D:10: 1950 daAuts
     D:9: 1681 daAuts
     D:7: 1627 daAuts
     D:5: 1580 daAuts
     D:8: 1559 daAuts
     D:1: 1311 daAuts
  Lair:1: 1088 daAuts
     D:6: 1042 daAuts
     D:4: 1029 daAuts
   Orc:1: 923 daAuts
     D:3: 906 daAuts
     D:2: 634 daAuts
 Abyss:1: 98 daAuts
  Temple: 47 daAuts
   Orc:2: 14 daAuts
